 Dungeon Crawl Stone Soup version 0.29.1-12-g30fa7ad0bf (webtiles) character file.

Game seed: 4018369783593220809

84 mopl the Stinger (level 4, 0/28 (30) HPs)
             Began as a Formicid Venom Mage on Jan 16, 2023.
             Slain by an orc
             ... wielding a +0 whip
              (6 damage)
             ... on level 3 of the Dungeon.
             The game lasted 00:03:00 (2383 turns).

mopl the Stinger (Formicid Venom Mage)              Turns: 2383, Time: 00:03:00

HP:   0/28 (30)     AC:  2    Str: 14    XL:     4   Next: 74%
MP:   2/9           EV: 11    Int: 15    God:
Gold: 94            SH:  4    Dex: 14    Spells: 4/9 levels left

rFire   . . .      SeeInvis +   o - +0 quarterstaff
rCold   . . .      Faith    .   k - +0 buckler
rNeg    . . .      Spirit   .   a - +0 robe
rPois   +          Reflect  .   (helmet unavailable)
rElec   .          Harm     .   (no cloak)
rCorr   .          Rampage  .   (no gloves)
Will    .....                   (no boots)
Stlth   ++........              (no amulet)
HPRegen 0.09/turn               h - ring of poison resistance
MPRegen 0.11/turn               (no ring)

@: drained
A: permanent stasis, dig shafts and tunnels, antennae 3, four strong arms
a: Dig, Shaft Self


You were on level 3 of the Dungeon.
You visited 1 branch of the dungeon, and saw 3 of its levels.

You collected 94 gold pieces.

Inventory:

Hand Weapons
 l - a +0 mace
 o - a +0 quarterstaff (weapon)
Missiles
 f - 5 poisoned darts
 p - 5 silver javelins
Armour
 a - a +0 robe (worn)
 k - a +0 buckler (worn)
Jewellery
 h - a ring of poison resistance (left hand)
Scrolls
 c - a scroll of teleportation {unknown}
 e - a scroll of torment {unknown}
 i - a scroll of blinking {unknown}
 j - a scroll of summoning {unknown}
 m - 2 scrolls of noise {unknown}
Potions
 b - 2 potions of magic
 d - a potion of lignification {!q}
 g - a potion of might
 n - 2 potions of berserk rage {unknown}
 q - a potion of curing
 r - a potion of heal wounds


   Skills:
 - Level 1.7 Dodging
 - Level 2.4 Stealth
 + Level 2.2 Shields
 + Level 3.3 Spellcasting
 - Level 1.1 Transmutations
 + Level 5.2 Poison Magic


You had 4 spell levels left.
You knew the following spells:

 Your Spells              Type           Power      Damage    Failure   Level
a - Sting                 Tmut/Pois      48%        1d5       6%          1
o - Olgreb's Toxic Radia  Pois           18%        N/A       26%         4

Your spell library contained the following spells:

 Spells                   Type           Power      Damage    Failure   Level
 Poisonous Vapours        Pois/Air       20%        N/A       12%         2
 Mephitic Cloud           Conj/Pois/Air  7%         N/A       34%         3


Dungeon Overview and Level Annotations

Branches:
Dungeon (3/15)

Altars:


Innate Abilities, Weirdness & Mutations

You cannot be hasted, slowed, berserked, paralysed or teleported.
You can dig through walls and to a lower floor.
You have a pair of large antennae on your head. (SInv)
Your four strong arms can wield two-handed weapons with a shield.


Message History

You hit the orc but do no damage.
The orc is severely wounded.
The orc closely misses you.
You completely miss the orc.
The orc is severely wounded.
You block the orc's attack.
An orc comes into view. It is wielding a +0 whip.
The orc completely misses you.
You barely miss the orc.
The orc is severely wounded.
You kill the orc!
An orc priest comes into view. It is wielding a +0 dagger.
The orc shouts!
The orc priest shouts!
An orc comes into view. It is wielding a +0 dagger.
The sting misses the orc.
The orc shouts!
The orc barely misses you.
Casting: Sting (safe; 6% risk of failure)
Confirm with . or Enter, or press ? or * to list all spells.
The spell is extremely dangerous to miscast (26% risk of failure)!
Continue anyway?
You miscast Olgreb's Toxic Radiance.
You are very lightly contaminated with residual magic.
Nothing appears to happen.
The orc misses you.
An orc comes into view. It is wielding a +0 short sword.
The orc shouts!
The orc attacks as you move away! The orc closely misses you.
The orc attacks as you move away! The orc completely misses you.
The orc priest calls down the wrath of Beogh upon you.
Beogh smites you!
Your magical contamination has completely faded away.
The orc attacks as you move away! The orc hits you with a +0 whip.
You extend your mandibles.
You dig through the rock wall.
You feel drained.
The orc priest invokes the aid of Beogh against you.
Beogh smites you!
* * * LOW HITPOINT WARNING * * *
You retract your mandibles.
Are you sure you want to shaft yourself?
The orc hits you with a +0 whip.
You die...

#.....#.# .#.....
#....##.# ##.#.....
### ###...##.##
#........ ..#{
#.........###.......#
#.#
>.....{{.o{o#.......#
#.#
.....{o...#o{..#.#
#.#
####......#.{..#.#
####.######
#......#....#.#
#..........
#..)...#....#@#
#.##.######
#......#....o.#
#..........
........#.##.#.#
#..#.######
......#####.##.#.#
#..#.# ......#
#.##.#.# #..#.#
......# #.##.#.#
#..#.# ......
#.##.#.# #..#†# #.#.#
#..#.# #.#.# #..#.#


You could see an orc.

Vanquished Creatures
  3 adders
  A worm (D:2)
  2 dart slugs (D:2)
  An orc (D:3)
  5 bats
  An endoplasm (D:1)
  A giant cockroach (D:1)
  2 goblins
  12 hobgoblins
  2 quokkas (D:1)
  9 ball pythons
  2 frilled lizards (D:2)
  4 kobolds
  3 rats
48 creatures vanquished.

Notes
Turn   | Place    | Note
-------+----------+-------------------------------------------
     0 | D:1      | mopl the Formicid Venom Mage began the quest for the Orb.
     0 | D:1      | Reached XP level 1. HP: 13/13 MP: 3/3
   400 | D:1      | Reached XP level 2. HP: 19/19 MP: 1/5
  1172 | D:1      | Reached skill level 1 in Shields
  1172 | D:1      | Reached XP level 3. HP: 24/24 MP: 1/7
  1503 | D:2      | Reached skill level 3 in Spellcasting
  1539 | D:2      | Reached XP level 4. HP: 15/30 MP: 0/8
  1690 | D:2      | Learned a level 4 spell: Olgreb's Toxic Radiance
  1718 | D:2      | Reached skill level 5 in Poison Magic
  1837 | D:2      | Reached skill level 2 in Shields
  2383 | D:3      | Slain by an orc

Illustrated notes

Levels and vault maps discovered:
D:1:      lemuel_arrival_rhombus, layout_loops_corners
D:2:      layout_rooms, minmay_close_crescents
D:3:      minmay_spotlight, layout_basic

Skill      XL: |  1  2  3  4 |
---------------+-------------+-----
Shields        | 1 2 |  2.2
Spellcasting   | 3 |  3.3
Poison Magic   | 5 |  5.2
Dodging        | |  1.7
Stealth        | |  2.4
Transmutations | |  1.1

Action                   |  1- 3 |  4- 6 || total
-------------------------+-------+-------++-------
Melee: Unarmed           |    30 |       ||    30
       Mace              |    13 |     2 ||    15
       Quarterstaff      |       |    26 ||    26
 Cast: Sting             |    41 |    27 ||    68
 Abil: Dig               |       |     1 ||     1
       Shaft Self        |       |     1 ||     1
  Use: Scroll            |       |     4 ||     4
Armor: Robe              |     6 |     6 ||    12
Dodge: Dodged            |    43 |    20 ||    63
Block: Buckler           |     8 |     6 ||    14
